 Dungeon Crawl Stone Soup version 0.31-a0-5-g84e6b3452c (webtiles) character file.

Game seed: 6956965015658541389

6413 Kenran the Grappler (level 10, -1/98 HPs)
             Began as a Troll Fighter on May 5, 2023.
             Was a High Priest of Cheibriados.
             Slain by a yak (8 damage)
             ... on level 9 of the Dungeon.
             The game lasted 00:16:07 (6652 turns).

Kenran the Grappler (Troll Fighter)                 Turns: 6652, Time: 00:16:07

Health: -1/98      AC: 10    Str: 45    XL:     10   Next: 66%
Magic:  13/13      EV: 11    Int: 15    God:    Cheibriados [*****.]
Gold:   427        SH: 11    Dex: 22    Spells: 7/9 levels left

rFire   . .          .
                       - Unarmed
rCold   . . .        b - +0 kite shield
rNeg    . . .        K - +0 steam dragon scales
rPois   +            (helmet restricted)
rElec   .            t - +2 cloak
rCorr   .            (gloves unavailable)
SInv    .            (boots unavailable)
Will    .....        (no amulet)
Stlth   ++           I - ring of poison resistance
HPRegen 1.16/turn    H - +6 ring of strength
MPRegen 0.13/turn

%: no passive effects
@: very slow
A: large, unfitting armour, claws 3, regeneration 1, shaggy fur 1, tough skin 1
a: Renounce Religion, Bend Time, Temporal Distortion, Slouch, Step From Time


You were on level 9 of the Dungeon.
You worshipped Cheibriados.
Cheibriados was extremely pleased with you.
You visited 3 branches of the dungeon, and saw 11 of its levels.

You collected 491 gold pieces.
You spent 64 gold pieces at shops.

Inventory:

Hand Weapons
 F - the +11 whip "Ybrosaj" {drain, Will++ Int-3}
   (You took it off an orc on level 6 of the Dungeon)

   Int:       It affects your intelligence (-3).
   Will:      It greatly increases your willpower.
Missiles
 a - a silver boomerang
 j - 55 stones (quivered)
 k - 17 poisoned darts
 u - 5 large rocks
 A - a throwing net
 L - 3 boomerangs
 M - 4 atropa-tipped darts
Armour
 b - a +0 kite shield (worn)
 t - a +2 cloak (worn)
 K - +0 steam dragon scales (worn)
Jewellery
 H - a +6 ring of strength (right claw)
 I - a ring of poison resistance (left claw)
Wands
 B - a wand of digging (7)
 E - a wand of mindburst (5)
 O - a wand of light (2)
Scrolls
 e - a scroll of summoning
 f - 4 scrolls of poison {!r}
 g - 2 scrolls of amnesia
 i - 7 scrolls of teleportation
 o - 3 scrolls of enchant armour
 q - 3 scrolls of blinking
 v - a scroll of noise {unknown}
 x - a scroll of silence {unknown}
 y - 2 scrolls of magic mapping {unknown}
 C - a scroll of immolation {unknown}
 D - a scroll of fear {unknown}
 N - a scroll of fog {unknown}
Potions
 c - a potion of might
 d - a potion of attraction {unknown}
 h - 3 potions of resistance {unknown}
 l - 2 potions of mutation {unknown}
 m - 3 potions of heal wounds {@q2}
 n - 3 potions of haste {unknown}
 p - a potion of ambrosia {unknown}
 r - 3 potions of brilliance {unknown}
 s - 2 potions of lignification {unknown}
 w - 4 potions of curing {unknown}
 z - 2 potions of flight {unknown}
 G - a potion of berserk rage {unknown}
 J - a potion of cancellation {unknown}


   Skills:
 - Level 6.0 Fighting
 - Level 2.0 Throwing
 - Level 3.0 Dodging
 - Level 4.0 Shields
 + Level 12.4 Unarmed Combat
 + Level 5.8 Invocations
 - Level 2.0 Evocations


You had 7 spell levels left.
You knew the following spells:

 Your Spells              Type           Power      Damage    Failure   Level
a - Passwall              Tmut/Erth      0%         N/A       52%         2

Your spell library contained the following spells:

 Spells                   Type           Power      Damage    Failure   Level
 Magic Dart               Conj           0%         1d3       38%         1
 Sandblast                Erth           0%         2d4       38%         1
 Call Imp                 Summ           0%         N/A       52%         2
 Call Canine Familiar     Summ           0%         N/A       77%         3
 Mephitic Cloud           Conj/Pois/Air  0%         N/A       77%         3
 Portal Projectile        Hex/Tloc       0%         N/A       77%         3
 Stone Arrow              Conj/Erth      0%         3d7       77%         3
 Leda's Liquefaction      Hex/Erth       0%         N/A       99%         4
 Olgreb's Toxic Radiance  Pois           0%         N/A       99%         4
 Discord                  Hex            0%         N/A       100%        8
 Ignition                 Fire           0%         3d3       100%        8


Dungeon Overview and Level Annotations

Branches:
Dungeon (9/15)             Temple (1/1) D:4            Lair (1/5) D:8
    Orc: D:9-12

Altars:
Cheibriados
Dithmenos
Elyvilon
Hepliaklqana
Kikubaaqudgha
Nemelex Xobeh
Qazlal
Ru
Sif Muna
Trog
Uskayaw
Vehumet
Wu Jian
Xom
Yredelemnul
Zin

Shops:
D:3 *:?*   D:8 *(

Annotations:
D:4 exclusion: black bear
D:6 exclusion: 2 doors


Innate Abilities, Weirdness & Mutations

You are too large for most types of armour.
You have claws for hands.
Your natural rate of healing is unusually fast.
You are covered in fur. (AC +1)
You have tough skin. (AC +1)


Message History

Cheibriados appreciates the change of pace.
You block the wyvern's attack. The yak gores you!
* * * LOW HITPOINT WARNING * * *
You claw the wyvern!
The wyvern is severely wounded.
The wyvern bites you!
* * * LOW HITPOINT WARNING * * *
The yak gores you.
* * * LOW HITPOINT WARNING * * *
You claw the wyvern!
The wyvern is almost dead.
The wyvern bites you but does no damage.
You closely miss the wyvern.
The wyvern is almost dead.
The wyvern closely misses you. You block the wyvern's attack.
You claw the wyvern!
You kill the wyvern!
Cheibriados thoroughly appreciates the change of pace.
You block the yak's attack. x2
You scratch the yak but do no damage.
The yak gores you but does no damage. x2
You block the yak's attack.
You barely miss the yak. You block the yak's attack.
The yak gores you but does no damage. You block the yak's attack.
You barely miss the yak. The yak gores you but does no damage.
The yak gores you.
* * * LOW HITPOINT WARNING * * *
You block the yak's attack.
You barely miss the yak. You mangle the yak!!
The yak is heavily wounded.
The yak barely misses you. The yak closely misses you.
You block the yak's attack.
You scratch the yak but do no damage.
The yak is heavily wounded.
The yak gores you.
* * * LOW HITPOINT WARNING * * *
The yak gores you!
* * * LOW HITPOINT WARNING * * *
The yak gores you!
You die...

#....##...........### ..#
#.................###
...##......Y...#......#..
........##.#...###... ##.
..#.....#####.##..#[.....
.........# ......#. ....
...#.....##...... ..#. ..
#.....Y........ ..#.
......#.TY#....... ...
...###.Y## ..... ... #^.#
...## .... ... #.....?..
... .. #.....# .. ..
.....# . .. ..... ..
....# . .


You could see 3 yaks.

Vanquished Creatures
  Joseph (D:7)
  A hornet (D:8)
  Sigmund (D:4)
  4 wyverns
  Eustachio (D:6)
  12 yaks
  3 steam dragons
  A vampire mosquito (D:6)
  A water moccasin (D:6)
  2 black bears
  An orc warrior (D:7)
  The ghost of kuniqs the Sneak, an amateur FeSu (D:4)
  An ice beast (D:7)
  A sky beast (D:6)
  An ogre (D:6)
  2 centaurs
  3 bullfrogs
  3 scorpions
  5 wights (D:9)
  9 killer bees
  2 howler monkeys (D:6)
  2 gnoll boudas
  5 hounds
  4 orc priests
  A sleepcap (D:6)
  7 orc wizards
  8 gnolls
  6 adders
  An ufetubus (D:5)
  A worm (D:2)
  A dart slug (D:4)
  55 orcs
  A bat (D:1)
  8 endoplasms
  3 giant cockroaches
  3 goblins
  7 hobgoblins
  4 jackals
  A quokka (D:4)
  3 ball pythons
  5 frilled lizards
  4 kobolds
  3 rats
189 creatures vanquished.

Vanquished Creatures (others)
  A butterfly (D:8)
  2 plants (D:6)
3 creatures vanquished.

Grand Total: 192 creatures vanquished

Notes
Turn   | Place    | Note
-------+----------+-------------------------------------------
     0 | D:1      | Kenran the Troll Fighter began the quest for the Orb.
     0 | D:1      | Reached XP level 1. HP: 22/22 MP: 0/0
   150 | D:1      | Reached XP level 2. HP: 28/29 MP: 1/1
   346 | D:1      | You fall into a shaft and drop 1 floor!
   356 | D:2      | Reached skill level 3 in Unarmed Combat
   434 | D:2      | Reached XP level 3. HP: 31/36 MP: 2/2
   482 | D:2      | Reached skill level 4 in Unarmed Combat
  1188 | D:3      | Found Uniophac's Assorted Antiques.
  1505 | D:3      | Found Ysul's Book Shop.
  1564 | D:3      | Found Ariaj's Assorted Antiques.
  1606 | D:3      | Found Zotast Vail's Magic Scroll Shop.
  1616 | D:3      | Bought 2 scrolls of identify for 52 gold pieces
  1627 | D:3      | Found a hazy altar of Hepliaklqana.
  1734 | D:3      | Reached XP level 4. HP: 44/44 MP: 3/3
  1993 | D:4      | Noticed a black bear
  2253 | D:4      | Noticed Sigmund
  2260 | D:4      | Killed Sigmund
  2261 | D:4      | Reached skill level 6 in Unarmed Combat
  2261 | D:4      | Reached XP level 5. HP: 30/50 MP: 4/4
  2300 | D:4      | Reached XP level 6. HP: 59/59 MP: 5/5
  2310 | D:4      | Found a staircase to the Ecumenical Temple.
  2328 | Temple   | Entered the Ecumenical Temple
  2394 | Temple   | Became a worshipper of Cheibriados the Contemplative
  2851 | D:4      | Found a large runed translucent door.
  2852 | D:4      | Found a large runed translucent door.
  2924 | D:4      | Noticed kuniqs's ghost (amateur FeSu)
  2934 | D:4      | Killed kuniqs's ghost
  2935 | D:4      | Reached skill level 7 in Unarmed Combat
  2961 | D:5      | Entered Level 5 of the Dungeon
  3095 | D:5      | Reached * piety under Cheibriados
  3111 | D:5      | Reached XP level 7. HP: 66/66 MP: 6/6
  3256 | D:5      | Reached skill level 8 in Unarmed Combat
  3583 | D:5      | Learned a level 2 spell: Passwall
  3705 | D:6      | Reached skill level 9 in Unarmed Combat
  3849 | D:6      | Found a runed translucent door.
  3860 | D:6      | Reached XP level 8. HP: 74/74 MP: 7/7
  3896 | D:6      | Reached ** piety under Cheibriados
  3911 | D:6      | Reached skill level 10 in Unarmed Combat
  3925 | D:6      | Reached skill level 1 in Invocations
  3932 | D:6      | Identified the +11 whip "Ybrosaj" {drain, Will++ Int-3}
  4484 | D:6      | Reached skill level 1 in Throwing
  4484 | D:6      | Reached skill level 1 in Evocations
  4611 | D:6      | Reached *** piety under Cheibriados
  4629 | D:6      | Noticed Eustachio
  4653 | D:6      | Killed Eustachio
  4736 | D:7      | Noticed Joseph
  4753 | D:7      | Killed Joseph
  4754 | D:7      | Reached XP level 9. HP: 69/83 MP: 10/10
  5351 | D:7      | Reached **** piety under Cheibriados
  5358 | D:7      | Identified the +6 hand axe "Kenran's Peril" {elec, +Blink
                  | rN+}
  5588 | D:8      | Found a sacrificial altar of Ru.
  5702 | D:8      | Found a white marble altar of Elyvilon.
  5709 | D:8      | Reached skill level 5 in Invocations
  5713 | D:8      | Reached skill level 11 in Unarmed Combat
  5807 | D:8      | Reached XP level 10. HP: 92/92 MP: 12/12
  5811 | D:8      | Reached skill level 12 in Unarmed Combat
  5822 | D:8      | Reached skill level 5 in Fighting
  5874 | D:8      | Found Guocwoho's CLEARANCE SALE!.
  5881 | D:8      | Bought a scroll of identify for 12 gold pieces
  6091 | D:8      | Found a staircase to the Lair.
  6132 | D:8      | Found Liripsua's Antique Weapon Shop.
  6137 | D:8      | Identified the +2 pair of boots of the Postmodern Deaths
                  | {rElec rCorr MP+9 Str+5}
  6522 | Lair:1   | Entered Level 1 of the Lair of Beasts
  6573 | D:9      | Reached ***** piety under Cheibriados
  6652 | D:9      | Slain by a yak

Illustrated notes

Levels and vault maps discovered:
D:1:      dpeg_arrival_rooms_c, layout_loops_ring
D:2:      layout_basic
D:3:      layout_loops_corners, mainiacjoe_overflow_catwalk, serial_shops, shop,
          nicolae_book_shop_shelving, nicolae_shop_tiny_statue_garden, shop,
          grunt_decor_arrowhead
D:4:      layout_gridville, minmay_temple_entry_sparse_star,
          ebering_ghost_disaster_area, uniq_sigmund
D:5:      layout_loops_ring, st_stairs_1
D:6:      cheibrodos_two_vegetables, layout_basic, minivault_1, st_stairs_11,
          lightli_church_of_beogh, uniq_eustachio
D:7:      layout_gridville, nicolae_concentric_dashed_squares_mild,
          hangedman_abyss_or_decor_lesser_grid, uniq_joseph
D:8:      layout_loops_corners, general_overflow_altar,
          nicolae_elyvilon_peaceful_grove, lair_entry_dummy, serial_shops,
          nicolae_shop_behind_doors, nicolae_shop_clearance
D:9:      layout_cave_pools, hellmonk_okawaru_the_only_friend_you_need,
          the_hattery, uniq_psyche
Temple:   nicolae_temple_god_jail
Lair:1:   layout_chaotic_city, gammafunk_ghost_arena

Skill      XL: |  1  2  3  4  5  6  7  8  9 10 |
---------------+-------------------------------+-----
Unarmed Combat | 3 4 6 7 9 10 11 12 | 12.4
Invocations    | 3 5 |  5.8
Throwing       | 1 2 |  2.0
Shields        | 3 4 |  4.0
Evocations     | 1 2 |  2.0
Fighting       | 3 4 6 |  6.0
Dodging        | 3 |  3.0

Action                     |  1- 3 |  4- 6 |  7- 9 | 10-12 || total
---------------------------+-------+-------+-------+-------++-------
  Melee: Unarmed           |    92 |    82 |   254 |   101 ||   529
    Use: Scroll            |     4 |       |     3 |     1 ||     8
         Potion            |       |     1 |       |       ||     1
   Stab: Sleeping          |     1 |       |     1 |       ||     2
 Armour: Robe              |    18 |    20 |    56 |       ||    94
         Steam dragon scal |       |       |    12 |    39 ||    51
  Dodge: Dodged            |    27 |    25 |    67 |    44 ||   163
  Block: Kite shield       |    25 |    23 |   110 |    67 ||   225

Table legend: (Time is in decaauts)
 A = Elapsed time spent in this place.
 B = Non-inter-level travel time spent in this place.
 C = Inter-level travel time spent in this place.
 D = Time resting spent in this place.
 E = Time spent auto-exploring this place.
 F = Levels seen in this place.
 G = Mean time per level.
                   A        B        C        D        E       F      G
               +--------+--------+--------+--------+--------+-----+--------+
         Total |   8588 |   8214 |    374 |      4 |   6592 |  11 |  780.7 |
       Dungeon |   8498 |   8170 |    328 |      4 |   6563 |   9 |  944.2 |
        Temple |     87 |     41 |     46 |      0 |     29 |   1 |   87.0 |
          Lair |      1 |      1 |      0 |      0 |      0 |   1 |    1.0 |
               +--------+--------+--------+--------+--------+-----+--------+

Top non-repeatable levels by time:
     D:8: 1613 daAuts
     D:6: 1548 daAuts
     D:7: 1278 daAuts
     D:4: 1034 daAuts
     D:5: 869 daAuts
     D:3: 790 daAuts
     D:1: 703 daAuts
     D:2: 490 daAuts
     D:9: 169 daAuts
  Temple: 87 daAuts
  Lair:1: 1 daAuts
